 Dungeon Crawl Stone Soup version 0.18-a0-965-g9200175 (webtiles) character file.

1229 vatarom the Firebug (level 8, 0/45 HPs)
             Began as a Deep Elf Fire Elementalist on Jan 1, 2016.
             Was an Initiate of Vehumet.
             Slain by a shadow imp (1 damage)
             ... on level 6 of the Dungeon.
             The game lasted 00:14:55 (5915 turns).

vatarom the Firebug (Deep Elf Fire Elementalist)    Turns: 5915, Time: 00:14:55

Health: 0/45       AC:  5    Str:  7    XL:     8   Next: 24%
Magic:  12/19      EV: 13    Int: 21    God:    Vehumet [......]
Gold:   296        SH:  0    Dex: 15    Spells: 6 memorised, 1 level left

rFire  . . .     SeeInvis .     q - +5 quarterstaff (chaos)
rCold  . . .     Gourm    .     a - +0 robe
rNeg   + . .     Faith    .     (shield currently unavailable)
rPois  .         Spirit   .     (no helmet)
rElec  .         Dismiss  .     r - +1 cloak
rCorr  .         Reflect  .     l - +0 pair of gloves
SustAt .         Harm     .     (no boots)
MR     .....                    (no amulet)
Stlth  ++........               f - ring of positive energy
                                d - ring of flight

@: not resistant to hostile enchantments, unstealthy
A: no striking features
a: Renounce Religion, Evoke Flight


You were on level 6 of the Dungeon.
You worshipped Vehumet.
Vehumet was noncommittal.
You were not hungry.

You visited 2 branches of the dungeon, and saw 7 of its levels.

You collected 296 gold pieces.

Inventory:

Hand Weapons
 e - a +1 short sword
 n - a +0 dagger of draining
 q - a +5 quarterstaff of chaos (weapon)
Armour
 a - a +0 robe (worn)
 l - a +0 pair of gloves (worn)
 r - a +1 cloak (worn)
Jewellery
 d - a ring of flight (left hand)
 f - a ring of positive energy (right hand)
Wands
 p - a wand of frost (21/48)
Scrolls
 c - a scroll of magic mapping
 g - 9 scrolls of identify
 i - 4 scrolls of remove curse
 k - 2 scrolls of teleportation
 m - a scroll of fog
 s - a scroll of immolation {unknown}
Potions
 j - 5 potions of curing
 o - a potion of might
Books
 b - a book of Flames

   Spells                             Type                      Level
   a - Flame Tongue                   Conjuration/Fire             1
   b - Throw Flame                    Conjuration/Fire             2
   c - Conjure Flame                  Conjuration/Fire             3
   d - Inner Flame                    Hexes/Fire                   3
   e - Sticky Flame                   Conjuration/Fire             4
   f - Fireball                       Conjuration/Fire             5
Comestibles
 h - a meat ration
 t - 2 fruits


   Skills:
 - Level 2.6 Fighting
 - Level 2.4 Dodging
 - Level 2.4 Stealth
 * Level 6.1 Spellcasting
 + Level 6.3 Conjurations
 + Level 7.2 Fire Magic


You had one spell level left.
You knew the following spells:

 Your Spells              Type           Power        Failure   Level  Hunger
a - Flame Tongue          Conj/Fire      #####        1%          1    None
b - Throw Flame           Conj/Fire      #####.       1%          2    None
c - Conjure Flame         Conj/Fire      #####...     1%          3    ##.....
d - Inner Flame           Hex/Fire       ###.....     10%         3    ##.....
e - Sticky Flame          Conj/Fire      #####...     8%          4    ####...
f - Fireball              Conj/Fire      #####.....   21%         5    #####..


Dungeon Overview and Level Annotations

Branches:
Dungeon (6/15)             Temple (1/1) D:4

Altars:
Dithmenos
Gozag
Kikubaaqudgha
Nemelex Xobeh
Okawaru
Pakellas
Qazlal
Ru
Sif Muna
Trog
Vehumet
Xom
Yredelemnul
Zin

Shops:
D:4 *

Annotations:
D:3 altaj's ghost, amateur HOFi
D:6 altaj's ghost, amateur HOFi


Message History

Altaj's ghost is moderately damaged.
Altaj's ghost barely misses you.
Casting: Flame Tongue
Confirm with . or Enter, or press ? or * to list all spells.
Aiming: Flame Tongue
Press: ? - help, Shift-Dir - straight line, f/p - altaj's ghost
Aim: altaj's ghost (moderately damaged)
The flame tongue misses altaj's ghost.
Altaj's ghost closely misses you.
You hit altaj's ghost but do no damage.
Altaj's ghost is moderately damaged.
Altaj's ghost closely misses you. The shadow imp hits you.
You hit altaj's ghost.
Altaj's ghost convulses.
Altaj's ghost is heavily damaged.
Altaj's ghost hits you! The shadow imp barely misses you.
You closely miss altaj's ghost.
Altaj's ghost is heavily damaged.
Altaj's ghost hits you. The shadow imp hits you. Altaj's ghost hits you!
* * * LOW HITPOINT WARNING * * *
The shadow imp hits you.
You die...

#..# #. #..######## #.#
#.<........ # #.#
##.#######. ##'
#.#####.#######. ....
#.#..........##.
.....####.#.###.###...#.
..≈..'5.........# #.#)..
#W@....##### #...##
#....### ##### #.####
... ####


You could see altaj's ghost and a shadow imp.

Vanquished Creatures
  Sigmund (D:6)
  A necrophage (D:5)
  2 ogres (D:4)
  2 centaurs
  2 giant frogs (D:6)
  A wight (D:6)
  A crimson imp (D:6)
  A jelly (D:6)
  Crazy Yiuf (D:3)
  Natasha (thrice) (D:2)
  A worker ant (D:6)
  A statue (D:4)
  A killer bee zombie (D:5)
  A hound zombie (D:5)
  11 adders
  A shadow imp (D:5)
  An ooze (D:2)
  2 adder skeletons
  6 worms
  4 giant geckos
  5 orcs
  6 bats
  6 giant cockroaches
  11 goblins
  15 hobgoblins
  14 jackals
  13 kobolds
  4 quokkas
  9 giant newts
  6 rats
133 creatures vanquished.

Notes
Turn   | Place    | Note
--------------------------------------------------------------
     0 | D:1      | vatarom the Deep Elf Fire Elementalist began the quest for the Orb.
     0 | D:1      | Reached XP level 1. HP: 10/10 MP: 6/6
    88 | D:1      | Reached skill level 1 in Fighting
    99 | D:1      | Reached XP level 2. HP: 16/16 MP: 4/8
   170 | D:1      | Learned a level 2 spell: Throw Flame
   490 | D:1      | You fall through a shaft!
   502 | D:2      | Reached XP level 3. HP: 17/21 MP: 7/9
   695 | D:2      | Noticed Natasha
   845 | D:2      | Learned a level 3 spell: Conjure Flame
  1013 | D:2      | Killed Natasha
  1013 | D:2      | Reached XP level 4. HP: 27/27 MP: 2/10
  1051 | D:2      | Learned a level 3 spell: Inner Flame
  1279 | D:2      | Noticed Natasha
  1286 | D:2      | Killed Natasha
  1588 | D:3      | Reached skill level 4 in Fire Magic
  1713 | D:2      | Noticed Natasha
  1718 | D:2      | Killed Natasha
  1718 | D:2      | Reached XP level 5. HP: 14/31 MP: 6/11
  2296 | D:3      | Noticed altaj's ghost (amateur HOFi)
  2874 | D:3      | Noticed Crazy Yiuf
  2880 | D:3      | Killed Crazy Yiuf
  3289 | D:4      | Noticed an ogre
  3554 | D:4      | Found a sacrificial altar of Ru.
  3592 | D:4      | Found a staircase to the Ecumenical Temple.
  3603 | D:4      | Reached XP level 6. HP: 27/36 MP: 12/12
  3646 | Temple   | Entered the Ecumenical Temple
  3937 | D:4      | Found Gopyuwasche's Assorted Antiques.
  3955 | D:4      | Reached skill level 5 in Fire Magic
  4265 | D:4      | Found a radiant altar of Vehumet.
  4287 | D:4      | Became a worshipper of Vehumet
  4817 | D:5      | Entered Level 5 of the Dungeon
  4825 | D:5      | Reached skill level 5 in Conjurations
  4832 | D:5      | Reached XP level 7. HP: 40/40 MP: 11/13
  4840 | D:5      | Reached skill level 6 in Fire Magic
  4894 | D:5      | Found a stormy altar of Qazlal.
  5591 | D:6      | Learned a level 4 spell: Sticky Flame
  5621 | D:6      | Noticed Sigmund
  5649 | D:6      | Killed Sigmund
  5649 | D:6      | Reached skill level 5 in Spellcasting
  5649 | D:6      | Reached skill level 7 in Fire Magic
  5649 | D:6      | Reached XP level 8. HP: 30/45 MP: 5/17
  5866 | D:6      | Learned a level 5 spell: Fireball
  5915 | D:6      | HP: 1/45 [altaj's ghost (15)]
  5915 | D:6      | Slain by a shadow imp

Vault maps used:
D:1:      dpeg_arrival_more_subterranean_lakeside_camping
D:2:      first_bread, uniq_natasha
D:3:      uniq_crazy_yiuf_cottage
D:4:      nicolae_ru_great_annihilating_truth, vehumet_statue, temple_fountains,
          serial_shops, nicolae_shop_competitors_out_of_business,
          gup_sewer_entry_spiral, grunt_decor_cap
D:5:      grunt_qazlal_clouds, amethyst_killhole
D:6:      slow_altar_2, serial_shops, shop, kennysheep_generic_room_13,
          uniq_sigmund
Temple:   triangle_lava_temple_11

Action                   |  1- 3 |  4- 6 |  7- 9 || total
-------------------------+-------+-------+-------++-------
Melee: Unarmed           |     6 |       |       ||     6
       Short sword       |    13 |    39 |       ||    52
       Dagger            |       |    24 |       ||    24
       Quarterstaff      |       |    34 |    35 ||    69
 Cast: Flame Tongue      |    61 |   125 |    28 ||   214
       Throw Flame       |     6 |    18 |     9 ||    33
       Conjure Flame     |       |     2 |       ||     2
       Inner Flame       |       |     1 |       ||     1
       Sticky Flame      |       |       |     2 ||     2
  Use: Potion            |     3 |     5 |     3 ||    11
       Scroll            |     5 |     3 |     2 ||    10
 Stab: Sleeping          |       |     3 |     3 ||     6
       Paralysed         |       |     2 |       ||     2
  Eat: Pizza             |       |     2 |       ||     2
       Bread ration      |       |     3 |     1 ||     4
